 Dungeon Crawl Stone Soup version 0.31-a0-267-g3fc6992b3b (webtiles) character file.

Game seed: 5188526561829956344

50 qw the Shooter (level 3, -4/29 HPs)
             Began as a Minotaur Hexslinger on July 13, 2023.
             Slain by an orc priest
             ... wielding a +0 mace
              (5 damage)
             ... on level 3 of the Dungeon.
             The game lasted 00:00:27 (1270 turns).

qw the Shooter (Minotaur Hexslinger)                Turns: 1270, Time: 00:00:27

Health: -4/29      AC:  4    Str: 12    XL:     3   Next: 55%
Magic:  3/3        EV: 12    Int: 10    God:
Gold:   156        SH:  0    Dex: 14    Spells: 3/4 levels left

rFire   . . .        Y - +1 sling
rCold   . . .        (no shield)
rNeg    . . .        g - +1 leather armour {Will+}
rPois   .            (helmet restricted)
rElec   .            (no cloak)
rCorr   .            (no gloves)
SInv    .            (no boots)
Will    +....        (no amulet)
Stlth   +            (no ring)
HPRegen 0.24/turn    (no ring)
MPRegen 0.08/turn

%: no passive effects
@: no status effects
A: horns 2, retaliatory headbutt
a: no special abilities


You were on level 3 of the Dungeon.
You visited 1 branch of the dungeon, and saw 3 of its levels.

You collected 156 gold pieces.


Innate Abilities, Weirdness & Mutations

You have a pair of horns on your head.
You reflexively headbutt those who attack you in melee.


   Skills:
 - Level 2.0 Fighting
 + Level 4.1 Ranged Weapons
 - Level 2.1 Dodging
 - Level 1.0 Spellcasting
 - Level 2.0 Hexes


You had 3 spell levels left.
You knew the following spells:

 Your Spells              Type           Power      Damage    Failure   Level
a - Slow                  Hex            16%        N/A       19%         1

Your spell library contained the following spells:

 Spells                   Type           Power      Damage    Failure   Level
 Inner Flame              Hex/Fire       2%         N/A       65%         3
 Portal Projectile        Hex/Tloc       4%         N/A       65%         3
 Cause Fear               Hex            2%         N/A       88%         4

Inventory:

Hand Weapons
 Y - a +1 sling (weapon)
Armour
 g - a +1 leather armour of willpower (worn)
Scrolls
 e - a scroll of identify
Potions
 a - a potion of haste {unknown}
 b - a potion of curing {unknown}
 c - a potion of heal wounds {unknown}
 h - a potion of cancellation
 k - a potion of attraction {unknown}

Dungeon Overview and Level Annotations

Branches:
Dungeon (3/15)

Altars:
The Shining One


Message History

You kill the orc!
The orc hits you but does no damage.
The orc priest mumbles some strange prayers to Beogh against you.
Beogh smites you!
Your Ranged Weapons skill increases to level 4!
You shoot a sling bullet.
The sling bullet closely misses the orc.
The orc misses you. The goblin hits you with a +0 club.
The orc hits you with a +0 dagger. The goblin closely misses you.
You shoot a sling bullet. The sling bullet hits the orc.
The orc is moderately wounded.
The orc completely misses you. The goblin hits you with a +0 club.
You shoot a sling bullet.
The sling bullet closely misses the orc.
The sling bullet misses the bat.
The orc closely misses you. The goblin barely misses you.
You furiously retaliate!
You headbutt the goblin!
You kill the goblin!
The orc priest looks encouraged for a moment.
You shoot a sling bullet. The sling bullet hits the orc.
You kill the orc!
The bat barely misses you. The bat hits you but does no damage.
The endoplasm hits you. The orc priest hits you with a +0 mace.
You shoot a sling bullet. The sling bullet hits the orc priest.
The orc priest is lightly wounded.
The bat hits you. The endoplasm barely misses you. You furiously retaliate!
You headbutt the endoplasm.
You kill the endoplasm!
The orc priest misses you.
You shoot a sling bullet. The sling bullet hits the orc.
You kill the orc!
The bat closely misses you. You furiously retaliate!
You headbutt the bat, but do no damage.
The orc priest looks satisfied for a moment.
The orc priest calls down the wrath of Beogh upon you.
Pain shoots through your body!
You shoot a sling bullet.
The sling bullet barely misses the orc priest.
The bat closely misses you. The orc priest hits you with a +0 mace.
You die...

#. #.# #.
#.# #.
#########.#
..
#.........#
oo
#.#########
#.# #.# #o#
#@# #b.))#
#.....#
..>......
#........
#........#
#.#.....##
#.##...##


You could see an orc priest and a bat.

Vanquished Creatures
  An adder (D:2)
  A dart slug (D:2)
  4 orcs (D:3)
  6 ball pythons
  A bat (D:2)
  5 endoplasms
  2 giant cockroaches (D:1)
  4 goblins
  2 hobgoblins (D:1)
  2 kobolds
  A quokka (D:2)
  2 rats (D:2)
31 creatures vanquished.

Notes
Turn   | Place    | Note
-------+----------+-------------------------------------------
     0 | D:1      | qw the Minotaur Hexslinger began the quest for the Orb.
     0 | D:1      | Reached XP level 1. HP: 16/16 MP: 1/1
     0 | D:1      | 0 ||| qw: Version: 0.3-a-52-g30416fa
     0 | D:1      | 0 ||| qw: Game counter: 7677
     0 | D:1      | 0 ||| qw: Melee chars always use a shield: true
     0 | D:1      | 0 ||| qw: God list: Okawaru
     0 | D:1      | 0 ||| qw: Allow faded altars: false
     0 | D:1      | 0 ||| qw: Do Orc after clearing Dungeon:15 true
     0 | D:1      | 0 ||| qw: Do second Lair branch before Depths: true
     0 | D:1      | 0 ||| qw: Lair rune preference: random
     0 | D:1      | 0 ||| qw: Goals: Normal
     0 | D:1      | 0 ||| PLANNING D:1-11
   202 | D:1      | Reached skill level 3 in Ranged Weapons
   202 | D:1      | Reached XP level 2. HP: 23/23 MP: 2/2
   635 | D:1      | 635 ||| UPGRADING to +0 leather armour of positive energy.
   645 | D:1      | 645 ||| DROPPING +0 robe.
   646 | D:1      | 646 ||| UPGRADING to +1 leather armour of willpower.
   656 | D:1      | 656 ||| DROPPING +0 leather armour of positive energy.
   657 | D:1      | 657 ||| READING scroll labelled IKOZXI MOPLA.
   658 | D:1      | 658 ||| READING 3 scrolls labelled AKLERCH PYUHIT.
   659 | D:1      | 659 ||| READING scroll labelled HEZXA QEASOWN.
   663 | D:1      | 663 ||| READING scroll labelled RADIURCHOMA.
   664 | D:1      | 664 ||| READING 2 scrolls of identify.
   664 | D:1      | 664 ||| IDENTIFYING sedimented yellow potion
   665 | D:1      | 665 ||| DROPPING scroll of poison.
   832 | D:2      | Reached XP level 3. HP: 29/29 MP: 3/3
   834 | D:2      | Found a glowing golden altar of the Shining One.
  1166 | D:3      | 1166 ||| FLEEEEING.
  1172 | D:3      | 1172 ||| FLEEEEING.
  1173 | D:3      | 1173 ||| FLEEEEING.
  1174 | D:3      | 1174 ||| STAIRDANCE
  1264 | D:3      | Reached skill level 4 in Ranged Weapons
  1267 | D:3      | HP: 5/29 [orc priest/+0 mace (3)]
  1269 | D:3      | HP: 1/29 [orc priest/nerve-wracking pain (4)]
  1270 | D:3      | Slain by an orc priest

Levels and vault maps discovered:
D:1:      co_arrival_square_in_a_square_in_a_square, layout_loops_ring
D:2:      layout_rooms, basic_altar, interstate_on_off, minivault_4
D:3:      layout_loops_ring, serial_shops, shop

Skill      XL: |  1  2  3 |
---------------+----------+-----
Ranged Weapons | 3 4 |  4.1
Fighting       | 2 |  2.0
Dodging        | |  2.1
Spellcasting   | |  1.0
Hexes          | |  2.0

Action                     || total
---------------------------++-------
   Fire: Sling             ||    93
    Use: Scroll            ||     5
 Armour: Leather armour    ||     4
         Robe              ||     1
  Dodge: Dodged            ||    29

Table legend:
 A = Non-vault XP
 B = Vault XP
 C = Vault XP percentage of total XP
 D = Non-vault monster count
 E = Vault monster count
 F = Vault count percentage of total count
                 A         B        C        D         E       F
            +---------+---------+-------+---------+---------+-------
      Total |      72 |       0 |   0.0 |      31 |       0 |   0.0
            +---------+---------+-------+---------+---------+-------
        D:1 |      22 |       0 |   0.0 |      11 |       0 |   0.0
        D:2 |      34 |       0 |   0.0 |      13 |       0 |   0.0
        D:3 |      16 |       0 |   0.0 |       7 |       0 |   0.0
            +---------+---------+-------+---------+---------+-------
